 Dungeon Crawl Stone Soup version 0.18.1-5-g4a78601 (webtiles) character file.

343 varam the Changer (level 6, -1/54 HPs)
             Began as a Troll Transmuter on May 9, 2016.
             Slain by a goblin (2 damage)
             ... led by Robin
             ... on level 4 of the Dungeon.
             The game lasted 00:07:23 (2664 turns).

varam the Changer (Troll Transmuter)                Turns: 2664, Time: 00:07:25

Health: -1/54      AC:  5    Str: 19    XL:     6   Next: 31%
Magic:  9/9        EV:  9    Int: 11    God:
Gold:   152        SH:  0    Dex: 10    Spells: 2 memorised, 7 levels left

rFire  . . .     SeeInvis .       - Unarmed
rCold  . . .     Gourm    +     b - +0 robe
rNeg   . . .     Faith    .     (no shield)
rPois  .         Spirit   .     (helmet restricted)
rElec  .         Dismiss  .     (no cloak)
rCorr  .         Reflect  .     (gloves unavailable)
SustAt .         Harm     .     (boots unavailable)
MR     .....                    (no amulet)
Stlth  +.........               (no ring)
                                (no ring)

@: lethally poisoned (-1 -> -2), appendage (expiring), not resistant to hostile
enchantments, very unstealthy
A: unfitting armour, claws 3, horns 2, fast metabolism 3, gourmand, regeneration
2, shaggy fur 1, tough skin 2
a: End Transformation


You were on level 4 of the Dungeon.
You were very full.
You had grown temporary horns.
You visited 1 branch of the dungeon, and saw 4 of its levels.

You collected 152 gold pieces.

Inventory:

Missiles
 a - 43 arrows
 p - 6 tomahawks (quivered)
Armour
 b - a +0 robe (worn)
Jewellery
 j - a +3 ring of dexterity {unknown}
Scrolls
 e - a scroll of identify
 g - 2 scrolls of teleportation
 m - a scroll of random uselessness {unknown}
 n - a scroll of noise {unknown}
 q - a scroll of recharging {unknown}
Potions
 f - a potion of might {unknown}
 h - a potion of heal wounds {unknown}
 i - a potion of mutation {unknown}
 l - 4 potions of curing {unknown}
 o - a potion of flight {unknown}
Books
 c - a book of Changes

   Spells                             Type                      Level
   a - Beastly Appendage              Transmutation                1
   b - Sticks to Snakes               Transmutation                2
   c - Spider Form                    Transmutation/Poison         3
   d - Ice Form                       Ice/Transmutation            4
   e - Blade Hands                    Transmutation                5
Comestibles
 d - 3 bread rations
 k - 3 meat rations


   Skills:
 - Level 0.7 Fighting
 - Level 1.5 Dodging
 - Level 3.0 Unarmed Combat
 + Level 3.0 Spellcasting
 + Level 3.8 Transmutations


You had 7 spell levels left.
You knew the following spells:

 Your Spells              Type           Power        Failure   Level  Hunger
a - Beastly Appendage     Trmt           ##....       6%          1    #......
b - Spider Form           Trmt/Pois      #.........   38%         3    ###....


Dungeon Overview and Level Annotations

Branches:
Dungeon (4/15)
 Temple: D:4-7

Altars:

Annotations:
D:4 Robin


Innate Abilities, Weirdness & Mutations

You are too large for most types of armour.
You have claws for hands.
Your metabolism is lightning-fast.
You like to eat raw meat.
You heal very quickly.
You are covered in fur (AC +1).
You have very tough skin (AC +2).
You have a pair of horns on your head.


Message History

Things that are here:
a club; a goblin corpse You feel sick.
Robin throws the goblin at you! The goblin hits you with a dagger.
* * * LOW HITPOINT WARNING * * *
You closely miss the goblin.
You feel sick. Robin throws the goblin at you!
The goblin hits you but does no damage. x2
You barely miss the goblin.
You feel sick.
Robin roars a battlecry!
The goblin hits you but does no damage. The goblin hits you with a club.
* * * LOW HITPOINT WARNING * * *
The goblin hits you with a dagger.
* * * LOW HITPOINT WARNING * * *
You scratch the goblin.
The goblin is moderately wounded.
Robin throws the goblin at you! The goblin hits you but does no damage.
The goblin closely misses you. The goblin hits you with a dagger.
* * * LOW HITPOINT WARNING * * *
The goblin hits you.
You die...

#....# #..<.# #......
#..###. #### #.. ##...##
#.. ##.....## #..
##.......########## #.#
#.........#....g@g#####
#.
#....>.......#.ggg).g.#
#...>.....#....##g###a#
##.......##..####.....ga.
##.......#..####>.##.#g.#
##....#<#.... ...# ...
####.#.##.## ##.# . ..
##......#####.. .# .
#.................


You could see a worker ant, Robin, a hobgoblin and 5 goblins.

Vanquished Creatures
  An ogre (D:3)
  A scorpion (D:4)
  A worker ant (D:4)
  10 adders
  An ooze (D:3)
  3 worms
  3 dart slugs
  3 giant geckos
  3 orcs (D:3)
  A ball python (D:2)
  4 giant cockroaches (D:3)
  9 goblins
  7 hobgoblins
  11 kobolds
  7 bats
  5 giant newts
  12 rats
82 creatures vanquished.

Notes
Turn   | Place    | Note
--------------------------------------------------------------
     0 | D:1      | varam the Troll Transmuter began the quest for the Orb.
     0 | D:1      | Reached XP level 1. HP: 18/18 MP: 1/1
   182 | D:1      | Reached XP level 2. HP: 26/26 MP: 0/3
   916 | D:2      | Reached XP level 3. HP: 32/32 MP: 2/4
  1171 | D:2      | Reached XP level 4. HP: 40/40 MP: 4/6
  1728 | D:3      | Learned a level 3 spell: Spider Form
  1802 | D:3      | Reached XP level 5. HP: 45/46 MP: 5/7
  2389 | D:3      | Noticed an ogre
  2405 | D:3      | Killed an ogre
  2405 | D:3      | Reached XP level 6. HP: 11/54 MP: 5/9
  2650 | D:4      | Noticed Robin
  2664 | D:4      | HP: 1/54 [goblin/dagger[Robin] (5)]
  2664 | D:4      | Slain by a goblin

Skill      XL: |  1  2  3  4  5  6 |
---------------+-------------------+-----
Transmutations | 2 3 |  3.8
Spellcasting   | 2 3 |  3.0
Fighting       | |  0.7
Dodging        | |  1.5
Unarmed Combat | |  3.0

Action                   |  1- 3 |  4- 6 || total
-------------------------+-------+-------++-------
Melee: Unarmed           |    85 |   137 ||   222
       Kick              |     8 |     9 ||    17
       Headbutt          |     3 |    16 ||    19
       Punch             |       |     2 ||     2
 Cast: Beastly Appendage |    27 |    37 ||    64
  Use: Scroll            |     3 |       ||     3
 Stab: Sleeping          |     1 |     2 ||     3
  Eat: Chunk             |    17 |    14 ||    31
Armor: Robe              |    28 |    44 ||    72
Dodge: Dodged            |    36 |    58 ||    94
